 Dungeon Crawl Stone Soup version 0.32-a0-921-g04a7ad8e02 (webtiles) character file.

Game seed: 12004840092415168559

1013 Autsider the Apothecary (level 8, -5/71 HPs)
             Began as a Black Draconian Alchemist on Apr 11, 2024.
             Was an Initiate of Gozag.
             Killed from afar by Pikel (18 damage)
             ... with a bolt of light
             ... on level 4 of the Dungeon.
             The game lasted 00:16:00 (5817 turns).

Autsider the Apothecary (Black Draconian Alchemist) Turns: 5817, Time: 00:16:00

Health: -5/71      AC:  6    Str: 11    XL:     8   Next: 1%
Magic:  2/12       EV: 11    Int: 17    God:    Gozag
Gold:   297        SH:  0    Dex: 12    Spells: 3/12 levels left

rFire   . . .        l - +2 dagger (venom)
rCold   . . .        (no shield)
rNeg    . . .        (body armour unavailable)
rPois   .            (helmet restricted)
rElec   +            (no cloak)
rCorr   .            (no gloves)
SInv    +            (no boots)
Will    .....        j - amulet of regeneration
Stlth   ++           s - ring of see invisible
HPRegen 1.11/turn    (no ring)
MPRegen 0.13/turn

%: no passive effects
@: gold aura, very slightly contaminated
A: galvanic breath, AC +6, unfitting armour, electricity resistance,
cold-blooded
a: Galvanic Breath, Renounce Religion, Potion Petition, Call Merchant, Bribe
Branch


You were on level 4 of the Dungeon.
You worshipped Gozag.
Gozag was aware of your devotion.
You visited 2 branches of the dungeon, and saw 8 of its levels.
You also visited: Sewer.

You collected 401 gold pieces.
You paid 104 gold pieces to Gozag.

Inventory:

Hand Weapons
 i - a +0 quarterstaff of draining
 l - a +2 dagger of venom (weapon)
 m - the +1 whip "Atew" {freeze, ^Drain rC+ Will+ Dex+2}
   (You found it on level 3 of the Dungeon)

   Dex+2:     It affects your dexterity (+2).
   rC+:       It protects you from cold.
   Will+:     It increases your willpower.
   ^Drain:    It drains your maximum health when unequipped.
 q - a +2 flail of protection
Jewellery
 j - an amulet of regeneration (around neck)
 s - a ring of see invisible (left hand)
Scrolls
 d - 4 scrolls of blinking
 e - 2 scrolls of teleportation {@r2}
 k - a scroll of poison {unknown}
 o - a scroll of fog
 r - a scroll of summoning
 u - a scroll of enchant weapon
Potions
 a - a potion of magic
 b - 3 potions of curing {@q1}
 c - a potion of brilliance
 f - a potion of invisibility
 g - a potion of heal wounds {@q2}
 h - 3 potions of berserk rage
 n - 2 potions of enlightenment
 p - 2 potions of mutation
 t - a potion of degeneration
 v - a potion of haste {unknown}


   Skills:
 + Level 6.3 Fighting
 - Level 2.0 Dodging
 - Level 2.0 Stealth
 + Level 2.7 Spellcasting
 - Level 1.0 Conjurations
 + Level 2.7 Fire Magic
 + Level 6.6 Alchemy


You had 3 spell levels left.
You knew the following spells:

 Your Spells              Type           Power      Damage    Failure   Level
a - Sting                 Conj/Alch      60%        1d6       3%          1
b - Olgreb's Toxic Radia  Alch           24%        N/A       12%         4
c - Sticky Flame          Fire/Alch      18%        2d6       26%         4

Your spell library contained the following spells:

 Spells                   Type           Power      Damage    Failure   Level
 Mercury Vapours          Alch/Air       26%        N/A       7%          2
 Mephitic Cloud           Conj/Alch/Air  10%        N/A       19%         3


Dungeon Overview and Level Annotations

Branches:
Dungeon (7/15)             Temple (1/1) D:6           Sewer (visited)

Altars:
Ashenzari
Cheibriados
Dithmenos
Elyvilon
Fedhas
Gozag
Hepliaklqana
Kikubaaqudgha
Makhleb
Okawaru
Qazlal
Ru
Sif Muna
Trog
Uskayaw
Vehumet
Wu Jian
Xom
Yredelemnul
Zin
The Shining One

Shops:
D:4 *

Annotations:
D:2 1 runed translucent door, Crazy Yiuf
D:4 Pikel


Innate Abilities, Weirdness & Mutations

You can breathe arcing electricity.
Your glossy black scales are hard. (AC +6)
You cannot fit into any form of body armour.
You are resistant to electric shocks. (rElec)
You are cold-blooded and may be slowed by cold attacks.


Message History

The hound bites you but does no damage.
Casting: Olgreb's Toxic Radiance (dangerous; 12% risk of failure)
Confirm with . or Enter, or press ? or * to list all spells.
You miscast Olgreb's Toxic Radiance.
Parts of your body briefly turn golden.
You are poisoned.
You feel very sick. The hound completely misses you. The lemure hits you.
* * * LOW HITPOINT WARNING * * *
Pikel cracks his whip.
You feel very sick. The hound bites you.
* * * LOW HITPOINT WARNING * * *
Aiming: Galvanic Breath
Press: ? - help, Shift-Dir - straight line, f - Pikel
Aim: Pikel, wielding a +1 whip of electrocution, wearing a +2 robe of fire resistance and carrying a wand of light (100% to hit)
The arc of electricity hits the hound!
The hound is struck by an electric surge!
The hound is severely wounded.
Pikel is struck by an electric surge!
Pikel is moderately wounded.
The lemure is struck by an electric surge!
The lemure is severely wounded.
The lemure is struck by an electric surge!
The lemure is heavily wounded.
The lemure is struck by an electric surge!
The lemure is heavily wounded.
You kill the hound!
You feel sick. The lemure closely misses you.
You have reached level 8!
You feel stronger.
Okay, then.
You feel better.
Pikel hits you with a +1 whip of electrocution!
* * * LOW HITPOINT WARNING * * *
The lemure hits you.
* * * LOW HITPOINT WARNING * * *
Pikel zaps a wand.
The bolt of light hits you!!
You die...
Pikel says, "See you in Hell!"
Your body crumbles into a pile of gold.

#......... #......... ##.........
##.......... ##............
#####............. #.#
########.....55.......... #.#
..'.........5K.@......... #.# #
#.........####........ #.#
#.#....$....# #.....### #.#
##...........# #.....######.#
.'...........####.....#....#.####
##.........####...#####.##.#.....
.............##...####...#.#.####
.....♣.♣.♣...##..............#
...###.......##............#.#


You could see Pikel and 3 lemures.

Vanquished Creatures
  Edmund (D:4)
  2 black bears (D:5)
  A lemure (D:4)
  2 kobold brigands (Sewer)
  A gnoll sergeant (D:7)
  2 hounds
  A bombardier beetle (D:5)
  2 orc priests (D:3)
  Jessica (D:2)
  A gnoll bouda (D:5)
  Terence (D:2)
  An orc wizard (D:4)
  Robin (D:2)
  6 gnolls
  6 adders
  A dart slug (D:1)
  2 ribbon worms
  18 orcs
  8 ball pythons
  6 bats
  9 endoplasms
  6 giant cockroaches
  7 hobgoblins
  9 jackals
  6 quokkas
  5 frilled lizards
  18 goblins
  9 kobolds
  11 rats
144 creatures vanquished.

Notes
Turn   | Place    | Note
-------+----------+-------------------------------------------
     0 | D:1      | Autsider the Draconian Alchemist began the quest for the
                  | Orb.
     0 | D:1      | Reached XP level 1. HP: 14/14 MP: 3/3
   150 | D:1      | Reached XP level 2. HP: 19/22 MP: 0/5
   226 | D:1      | Reached skill level 1 in Fighting
   523 | D:1      | Found a faded altar of an unknown god.
   652 | D:1      | Reached XP level 3. HP: 29/29 MP: 3/6
  1758 | D:2      | Reached XP level 4. HP: 37/37 MP: 3/7
  1759 | D:2      | Noticed Robin
  1785 | D:2      | Killed Robin
  2141 | D:2      | Found a runed translucent door.
  2142 | D:2      | Noticed Crazy Yiuf
  2179 | D:2      | Noticed Jessica
  2181 | D:2      | Killed Jessica
  2636 | D:2      | Noticed Terence
  2652 | D:2      | Killed Terence
  2653 | D:2      | Reached XP level 5. HP: 15/45 MP: 5/8
  2887 | D:2      | Learned a level 4 spell: Olgreb's Toxic Radiance
  3088 | D:3      | Identified the +1 robe of Tukloupu {rElec Will+ Str+2}
  3282 | D:3      | Identified the +1 whip "Atew" {freeze, ^Drain rC+ Will+
                  | Dex+2}
  3460 | D:3      | Reached skill level 5 in Alchemy
  3562 | D:3      | Found a glowing drain.
  3575 | Sewer    | Entered a sewer
  3672 | Sewer    | Reached XP level 6. HP: 53/53 MP: 1/9
  3777 | Sewer    | Found a white marble altar of Elyvilon.
  4258 | D:4      | You fall into a shaft and drop 3 floors!
  4272 | D:7      | Reached skill level 5 in Fighting
  4799 | D:6      | Found a staircase to the Ecumenical Temple.
  4808 | Temple   | Entered the Ecumenical Temple
  4850 | Temple   | Became a worshipper of Gozag Ym Sagoz the Greedy
  4912 | D:5      | Entered Level 5 of the Dungeon
  4934 | D:4      | Noticed Edmund
  4944 | D:5      | Learned a level 4 spell: Sticky Flame
  4991 | D:5      | Your scales start taking on a glossy black colour.
  4991 | D:5      | Reached XP level 7. HP: 52/61 MP: 1/10
  4991 | D:5      | Gained mutation: You are resistant to electric shocks.
                  | (rElec) [Black Draconian growth]
  5169 | D:5      | Reached skill level 1 in Fire Magic
  5519 | D:4      | Found Gudooquh's Serpentskin Sales.
  5650 | D:4      | Noticed Pikel
  5681 | D:4      | Killed Edmund
  5816 | D:4      | Reached XP level 8. HP: 14/71 MP: 2/12
  5817 | D:4      | Killed from afar by Pikel

Illustrated notes

Levels and vault maps discovered:
D:1:      sevenhm_arrival_forest_fort_large_4, layout_loops_ring,
          ebering_ecumenical_altar_rust, minmay_pentomino_w4
D:2:      layout_basic, uniq_jessica, uniq_crazy_yiuf_cottage, uniq_robin,
          uniq_terence
D:3:      layout_loops_cross, gup_sewer_entry_pipe, minmay_pentomino_pile
D:4:      layout_basic, serial_forest, infiniplex_forest_corner_2,
          infiniplex_forest_lined_room_, infiniplex_forest_straight_2,
          infiniplex_forest_end_3, infiniplex_forest_straight_1,
          infiniplex_forest_zigzag_2, serial_shops,
          nicolae_shop_tiny_waterfront, hangedman_glass_teeth,
          guppyfry_shop_venom, uniq_pikel, uniq_edmund
D:5:      layout_gridville
D:6:      layout_gridville, minmay_temple_entry_glass
D:7:      layout_basic, nemelex_altar_shiori
Temple:   mainiacjoe_temple_archimedes_tessellation

Skill      XL: |  1  2  3  4  5  6  7 |
---------------+----------------------+-----
Stealth        | 2 |  2.0
Dodging        | 2 |  2.0
Fighting       | 1 2 3 4 5 6 |  6.3
Alchemy        | 4 5 6 |  6.6
Fire Magic     | 2 |  2.7
Spellcasting   | |  2.7
Conjurations   | |  1.0

Action                     |  1- 3 |  4- 6 |  7- 9 || total
---------------------------+-------+-------+-------++-------
  Melee: Unarmed           |    63 |       |       ||    63
         Tailslap          |    10 |     9 |     6 ||    25
         Punch             |     2 |       |       ||     2
         Quarterstaff      |     2 |    14 |       ||    16
         Dagger            |       |    76 |    37 ||   113
   Cast: Sting             |    64 |    70 |     3 ||   137
         Olgreb's Toxic Ra |       |     8 |    12 ||    20
Ability: Galvanic Breath   |       |       |     1 ||     1
    Use: Scroll            |     3 |    10 |       ||    13
         Potion            |       |     1 |     1 ||     2
   Stab: Sleeping          |       |       |     2 ||     2
 Armour: Skin              |    49 |    63 |    41 ||   153
  Dodge: Dodged            |    57 |    67 |    27 ||   151

Table legend: (Time is in decaauts)
 A = Elapsed time spent in this place.
 B = Non-inter-level travel time spent in this place.
 C = Inter-level travel time spent in this place.
 D = Time resting spent in this place.
 E = Time spent auto-exploring this place.
 F = Levels seen in this place.
 G = Mean time per level.
                   A        B        C        D        E       F      G
               +--------+--------+--------+--------+--------+-----+--------+
         Total |   5858 |   5322 |    536 |    514 |   3644 |   9 |  650.9 |
       Dungeon |   5508 |   5055 |    453 |    451 |   3482 |   7 |  786.9 |
        Temple |     84 |      1 |     83 |      0 |      0 |   1 |   84.0 |
         Sewer |    265 |    265 |      0 |     63 |    162 |   1 |  265.0 |
               +--------+--------+--------+--------+--------+-----+--------+

Top non-repeatable levels by time:
     D:2: 1542 daAuts
     D:1: 1390 daAuts
     D:3: 1042 daAuts
     D:7: 536 daAuts
     D:5: 522 daAuts
     D:4: 441 daAuts
   Sewer: 265 daAuts
  Temple: 84 daAuts
     D:6: 32 daAuts
